 Dungeon Crawl Stone Soup version 0.29.1-4-g47bece8355 (webtiles) character file.

Game seed: 7889423199483197056

84 safid the Shooter (level 4, 0/40 HPs)
             Began as a Minotaur Hunter on Dec 1, 2022.
             Slain by a gnoll
             ... wielding a +0 flail
              (7 damage)
             ... on level 3 of the Dungeon on Dec 2, 2022.
             The game lasted 00:02:54 (1670 turns).

safid the Shooter (Minotaur Hunter)                 Turns: 1670, Time: 00:02:55

Health: 0/40       AC:  3    Str: 15    XL:     4   Next: 24%
Magic:  3/3        EV:  9    Int:  6    God:
Gold:   159        SH:  0    Dex: 16    Spells: 3/3 levels left

rFire   . . .      SeeInvis .   a - +0 shortbow
rCold   . . .      Faith    .   (shield currently unavailable)
rNeg    . . .      Spirit   .   c - +0 leather armour
rPois   .          Reflect  .   (helmet restricted)
rElec   .          Harm     .   (no cloak)
rCorr   .          Rampage  .   (no gloves)
Will    .....                   (no boots)
Stlth   +.........              (no amulet)
HPRegen 0.13/turn               (no ring)
MPRegen 0.08/turn               (no ring)

@: constricted
A: horns 2, retaliatory headbutt
a: no special abilities


You were on level 3 of the Dungeon.
You visited 1 branch of the dungeon, and saw 3 of its levels.

You collected 159 gold pieces.

Inventory:

Hand Weapons
 a - a +0 shortbow (weapon)
Armour
 c - a +0 leather armour (worn)
Jewellery
 d - a ring of flight
Scrolls
 b - 2 scrolls of immolation
 e - 4 scrolls of teleportation {unknown}
 j - a scroll of enchant armour {unknown}
 k - a scroll of enchant weapon {unknown}
Potions
 f - a potion of resistance {unknown}
 g - a potion of haste {unknown}
 h - 2 potions of curing {unknown}
 i - a potion of brilliance {unknown}
 l - a potion of might {unknown}


   Skills:
 + Level 4.2 Fighting
 + Level 5.4 Ranged Weapons
 - Level 2.1 Dodging
 - Level 0.7 Stealth


You had 3 spell levels left.
You didn't know any spells.
Your spell library was empty.

Dungeon Overview and Level Annotations

Branches:
Dungeon (3/15)

Altars:


Innate Abilities, Weirdness & Mutations

You have a pair of horns on your head.
You reflexively headbutt those who attack you in melee.


Message History

* * * LOW HITPOINT WARNING * * *
The gnoll closely misses you. You furiously retaliate!
You headbutt the gnoll. The gnoll attacks as you move away!
The gnoll hits you with a +0 flail.
* * * LOW HITPOINT WARNING * * *
The gnoll attacks as you move away! The gnoll barely misses you.
You furiously retaliate!
You headbutt the gnoll.
You are too injured to fight recklessly!
You are too injured to fight recklessly!
You are too injured to fight recklessly!
You are too injured to fight recklessly!
You are too injured to fight recklessly!
The gnoll attacks as you move away! The gnoll barely misses you.
You see here 4 stones.
Fire: a) +0 shortbow
Press: ? - help, Q - select action Shift-Dir - straight line, f/p - gnoll
Aim: a gnoll, wielding a +0 flail (black smoke, heavily wounded, 68% to hit)
You shoot an arrow. The arrow completely misses the gnoll.
The gnoll closely misses you. The gnoll hits you with a +0 flail.
* * * LOW HITPOINT WARNING * * *
Fire: a) +0 shortbow
Press: ? - help, Q - select action Shift-Dir - straight line, f/p - gnoll
Aim: a gnoll, wielding a +0 flail (heavily wounded, 68% to hit)
You shoot an arrow. The arrow hits the gnoll!
You kill the gnoll!
The gnoll closely misses you.
Fire: a) +0 shortbow
Press: ? - help, Q - select action Shift-Dir - straight line, f - gnoll
Aim: a gnoll, wielding a +0 flail (black smoke, moderately wounded, 68% to hit)
You shoot an arrow. The arrow completely misses the gnoll.
The gnoll barely misses you.
Unknown command.
Fire: a) +0 shortbow
Press: ? - help, Q - select action Shift-Dir - straight line, f/p - gnoll
Aim: a gnoll, wielding a +0 flail (moderately wounded, 68% to hit)
You shoot an arrow. The arrow closely misses the gnoll.
The ball python zombie bites you.
* * * LOW HITPOINT WARNING * * *
The ball python zombie grabs you. The ball python zombie constricts you.
The gnoll hits you with a +0 flail!
You die...

#...# . ###Z# .#
#..g#####.##.
#.#.§.§......
#.#g#...§.##. ###
#.#...§§..... .######
#.# #.###.§§.§#
......###'####'###g§.§.#
......'.........@Z§§§§§#
......#..........g.§####
......#.............#
......#.............#
#######...........###
..................#
..........†.......##
...................#
...................#


You could see 2 gnolls and a ball python zombie.

Vanquished Creatures
  A gnoll (D:3)
  An adder (D:2)
  2 worms
  2 dart slugs
  6 bats (D:1)
  2 endoplasms
  5 giant cockroaches
  5 goblins
  9 hobgoblins
  2 jackals (D:2)
  2 kobolds
  3 quokkas
  4 ball pythons
  3 frilled lizards (D:1)
  A quokka skeleton (D:3)
  2 rats
50 creatures vanquished.

Notes
Turn   | Place    | Note
-------+----------+-------------------------------------------
     0 | D:1      | safid the Minotaur Hunter began the quest for the Orb.
     0 | D:1      | Reached XP level 1. HP: 18/18 MP: 0/0
   120 | D:1      | Reached XP level 2. HP: 18/25 MP: 1/1
   639 | D:1      | Reached XP level 3. HP: 31/31 MP: 2/2
   650 | D:1      | Reached skill level 5 in Ranged Weapons
  1591 | D:3      | Reached XP level 4. HP: 40/40 MP: 3/3
  1670 | D:3      | Slain by a gnoll

Illustrated notes

Levels and vault maps discovered:
D:1:      wander_arrival_chamber, layout_loops_corners, feat_on_display
D:2:      layout_basic
D:3:      layout_basic, serial_undead, serial_undead_a, serial_undead_b,
          serial_undead_d, serial_undead_a, ebering_ghost_inner_flame,
          shapermc_ecumenical_altar_venn

Skill      XL: |  1  2  3 |
---------------+----------+-----
Fighting       | 3 4 |  4.2
Ranged Weapons | 5 |  5.4
Dodging        | |  2.1
Stealth        | |  0.7

Action                   |  1- 3 |  4- 6 || total
-------------------------+-------+-------++-------
 Fire: Shortbow          |   120 |    13 ||   133
Armor: Leather armour    |    17 |       ||    17
Dodge: Dodged            |    29 |     7 ||    36
